 Dungeon Crawl Stone Soup version 0.28.0-53-g5a82cb258f (webtiles) character file.

Game seed: 4591375558129601864

55 DildoBatman the Conjurer (level 4, -2/30 HPs)
             Began as a Formicid Conjurer on June 1, 2022.
             Slain by an adder (3 damage)
             ... on level 6 of the Dungeon.
             The game lasted 00:03:45 (1997 turns).

DildoBatman the Conjurer (Formicid Conjurer)        Turns: 1997, Time: 00:03:46

Health: -2/30      AC:  3    Str: 12    XL:     4   Next: 14%
Magic:  5/7        EV: 12    Int: 17    God:
Gold:   127        SH:  0    Dex: 11    Spells: 4/7 levels left

rFire   . . .      SeeInvis +   b - +0 hunting sling
rCold   . . .      Faith    .   (no shield)
rNeg    . . .      Spirit   .   n - +0 robe
rPois   .          Reflect  .   (helmet unavailable)
rElec   .          Harm     .   (no cloak)
rCorr   .          Rampage  .   c - +0 pair of gloves
Will    .....                   (no boots)
Stlth   ++........              (no amulet)
HPRegen 0.10/turn               (no ring)
MPRegen 0.10/turn               (no ring)

@: no status effects
A: permanent stasis, dig shafts and tunnels, antennae 3, four strong arms
a: Dig, Shaft Self


You were on level 6 of the Dungeon.
You visited 1 branch of the dungeon, and saw 4 of its levels.

You collected 127 gold pieces.

Inventory:

Hand Weapons
 a - a +2 dagger of protection
 b - a +0 hunting sling (weapon)
Missiles
 d - 82 stones (quivered ammo)
 e - 18 sling bullets
 l - 12 arrows
 m - 18 bolts
Armour
 c - a +0 pair of gloves (worn)
 n - a +0 robe (worn)
Magical Staves
 p - a staff of poison
Scrolls
 f - a scroll of enchant armour {unknown}
 h - a scroll of teleportation {unknown}
 k - a scroll of amnesia {unknown}
 q - a scroll of vulnerability {unknown}
 r - a scroll of identify {unknown}
Potions
 g - a potion of attraction {unknown}
 i - a potion of magic {unknown}
 j - a potion of mutation {unknown}
 o - 2 potions of curing {unknown}


   Skills:
 - Level 1.7 Dodging
 - Level 2.4 Stealth
 - Level 2.1 Spellcasting
 * Level 4.9 Conjurations


You had 4 spell levels left.
You knew the following spells:

 Your Spells              Type           Power      Damage    Failure   Level
a - Searing Ray           Conj           36%        2d5       3%          2
c - Magic Dart            Conj           72%        1d6       2%          1

Your spell library contained the following spells:

 Spells                   Type           Power      Damage    Failure   Level
 Static Discharge         Conj/Air       10%        N/A       11%         2
 Apportation              Tloc           2%         N/A       19%         1
 Dazzling Flash           Conj/Hex       20%        N/A       21%         3
 Fulminant Prism          Conj/Hex       5%         3d7       56%         4
 Iskenderun's Mystic Bla  Conj/Tloc      10%        2d4       56%         4
 Lightning Bolt           Conj/Air       5%         1d17      88%         5
 Alistair's Intoxication  Tmut/Pois      0%         N/A       99%         5
 Maxwell's Capacitive Co  Air            0%         ∞         100%        8


Dungeon Overview and Level Annotations

Branches:
Dungeon (3/15)

Altars:

Shops:
D:1 *


Innate Abilities, Weirdness & Mutations

You cannot be hasted, slowed, berserked, paralysed or teleported.
You can dig through walls and to a lower floor.
You have a pair of large antennae on your head. (SInv)
Your four strong arms can wield two-handed weapons with a shield.


Message History

Orders for allies: a - Attack new target. r - Retreat! s - Stop attacking. g - Guard the area. f - Follow me.
Anything else - Cancel.
You shout for attention!
The adder closely misses you. What are your orders? t - Shout!
Orders for allies: a - Attack new target. r - Retreat! s - Stop attacking. g - Guard the area. f - Follow me.
Anything else - Cancel.
You shout for attention!
The adder closely misses you. The adder misses you.
What are your orders? t - Shout!
Orders for allies: a - Attack new target. r - Retreat! s - Stop attacking. g - Guard the area. f - Follow me.
Anything else - Cancel.
You shout for attention!
The adder bites you. What are your orders? t - Shout!
Orders for allies: a - Attack new target. r - Retreat! s - Stop attacking. g - Guard the area. f - Follow me.
Anything else - Cancel.
You shout for attention!
The adder barely misses you. What are your orders? t - Shout!
Orders for allies: a - Attack new target. r - Retreat! s - Stop attacking. g - Guard the area. f - Follow me.
Anything else - Cancel.
You shout for attention!
The adder bites you.
You die...

## .#
###S###...
#.@.....#
#...#.#.###
#... ...
#... .#.#
#... ##.#
#... # #...
####


You could see an adder.

Vanquished Creatures
  2 adders
  8 endoplasms
  2 goblins
  2 hobgoblins (D:1)
  2 jackals (D:1)
  6 ball pythons
  3 bats (D:1)
  A frilled lizard (D:1)
  5 kobolds (D:1)
  2 rats (D:1)
33 creatures vanquished.

Vanquished Creatures (others)
  A plant (D:3)
1 creature vanquished.

Grand Total: 34 creatures vanquished

Notes
Turn   | Place    | Note
-------+----------+-------------------------------------------
     0 | D:1      | DildoBatman the Formicid Conjurer began the quest for the
                  | Orb.
     0 | D:1      | Reached XP level 1. HP: 13/13 MP: 3/3
   145 | D:1      | Found Vaish's Assorted Antiques.
   266 | D:1      | Reached XP level 2. HP: 14/19 MP: 1/5
   280 | D:1      | Reached skill level 4 in Conjurations
   283 | D:1      | Learned a level 2 spell: Searing Ray
   602 | D:1      | Found a faded altar of an unknown god.
   606 | D:1      | Reached XP level 3. HP: 23/24 MP: 3/6
  1966 | D:3      | Reached XP level 4. HP: 30/30 MP: 2/7
  1968 | D:3      | You fall into a shaft and drop 3 floors!
  1995 | D:6      | HP: 1/30 [adder (4)]
  1997 | D:6      | Slain by an adder

Illustrated notes

Levels and vault maps discovered:
D:1:      lemuel_arrival_cross, layout_loops_ring, serial_shops, shop,
          hellmonk_ecumenical_altar_slurped_away,
          chequers_serial_rivers_small_3, minmay_circled_x
D:2:      layout_basic, kennysheep_decorative_pillar
D:3:      cheibrodos_old_hovel, layout_rooms, fountainhead,
          kennysheep_generic_room_14
D:6:      layout_rooms, serial_shops, nicolae_shop_trees

Skill      XL: |  1  2 |
---------------+-------+-----
Conjurations   | 4 |  4.9
Dodging        | |  1.7
Stealth        | |  2.4
Spellcasting   | |  2.1

Action                   |  1- 3 |  4- 6 || total
-------------------------+-------+-------++-------
Melee: Unarmed           |     9 |       ||     9
       Dagger            |     4 |       ||     4
       Short sword       |     5 |       ||     5
 Fire: Hunting sling     |    14 |       ||    14
 Cast: Magic Dart        |    50 |       ||    50
       Searing Ray       |     2 |       ||     2
 Abil: Dig               |     1 |       ||     1
       Shaft Self        |       |     1 ||     1
 Stab: Sleeping          |     1 |       ||     1
       Distracted        |     1 |       ||     1
Armor: Robe              |    10 |     1 ||    11
Dodge: Dodged            |    22 |    16 ||    38
